 Dungeon Crawl Stone Soup version 0.23.2-30-g0e89c35649 (webtiles) character file.

Game seed: 7234634849330405269

938 Nailok the Spear-Bearer (level 8, -2/63 HPs)
             Began as a Merfolk Berserker on June 15, 2019.
             Was a Priest of Trog.
             Slain by a worker ant (6 damage)
             ... on level 5 of the Dungeon.
             The game lasted 00:17:10 (8634 turns).

Nailok the Spear-Bearer (Merfolk Berserker)         Turns: 8634, Time: 00:17:11

Health: -2/63      AC:  3    Str: 19      XL:     8   Next: 12%
Magic:  8/8        EV: 15    Int:  6      God:    Trog [***...]
Gold:   173        SH:  0    Dex: 12 (14) Spells: 7/7 levels left

rFire    . . .     SeeInvis .   a - +2 spear
rCold    . . .     Gourm    .   (no shield)
rNeg     . . .     Faith    .   b - +1 animal skin
rPois    .         Spirit   .   (no helmet)
rElec    .         Reflect  .   (no cloak)
rCorr    .         Harm     .   (no gloves)
MR       .....                  (no boots)
Stlth    ++........             (no amulet)
HPRegen  0.20/turn              (no ring)
MPRegen  0.11/turn              (no ring)

@: no status effects
A: change form in water, swift swim, stealthy swim
a: Berserk, Trog's Hand, Renounce Religion


You were on level 5 of the Dungeon.
You worshipped Trog.
Trog was most pleased with you.
You were hungry.

You visited 1 branch of the dungeon, and saw 5 of its levels.

You collected 173 gold pieces.

Inventory:

Hand Weapons
 a - a +2 spear (weapon)
 d - a +4 quarterstaff of chaos
Armour
 b - a +1 animal skin (worn)
 n - a +0 cloak
Wands
 q - a wand of digging (6)
 x - a wand of iceblast (9)
Scrolls
 e - 2 scrolls of amnesia
 f - a scroll of remove curse {unknown}
 i - a scroll of fog {unknown}
 k - 2 scrolls of noise {unknown}
 l - a scroll of magic mapping {unknown}
 p - a scroll of torment {unknown}
 r - 3 scrolls of identify {unknown}
 s - a scroll of random uselessness {unknown}
 t - a scroll of enchant armour
 u - a scroll of fear {unknown}
 v - a scroll of teleportation
Potions
 g - 4 potions of ambrosia {unknown}
 h - 2 potions of curing
 j - 2 potions of resistance
 m - a potion of mutation {unknown}
 o - 2 potions of agility {unknown}
 w - a potion of cancellation {unknown}
Comestibles
 c - 2 rations


   Skills:
 + Level 5.6 Fighting
 + Level 9.7 Polearms
 + Level 1.5 Armour
 + Level 5.9 Dodging
 + Level 3.4 Stealth


You had 7 spell levels left.
You didn't know any spells.
Your spell library was empty.

Dungeon Overview and Level Annotations

Branches:
Dungeon (5/15)
 Temple: D:4-7

Altars:
Makhleb
Nemelex Xobeh
Okawaru
Uskayaw
Vehumet

Annotations:
D:3 Eustachio


Message History

The ogre completely misses you.
You hit the ogre but do no damage.
The ogre is moderately wounded.
You hit the ogre.
The ogre is heavily wounded.
The ogre closely misses you. The worker ant misses you.
You hit the ogre but do no damage.
The ogre is heavily wounded.
You hit the ogre.
The ogre is severely wounded.
The worker ant closely misses you.
The ogre hits you with a +0 giant club!!
Ouch! That really hurt!
* * * LOW HITPOINT WARNING * * *
You completely miss the ogre.
The ogre is severely wounded.
The worker ant bites you.
* * * LOW HITPOINT WARNING * * *
The worker ant bites you.
You die...

....#{# #...#
#...........
#o#.#.# #####
#.......###
....#.#
#######....#
..###.#
#..(.......#
#.....#
#..........#
#.#####
#..........#
#.#########
#..........#
...........
#...O......#
##.........
#..@a......#
#..........
#..........#
...........
#..........#
.#.........
#.............
.#.........
#........$?...
.#.........
#.......###...
.#.........
#.......# ..
.#.........
#.......# .
.##########
####.....


You could see an ogre and a worker ant.

Vanquished Creatures
  An ice beast (D:5)
  3 ogres
  A centaur zombie (D:5)
  2 hounds
  An orc priest (D:4)
  Crazy Yiuf (D:2)
  A jelly (D:5)
  A bullfrog skeleton (D:5)
  An orc wizard (D:5)
  6 worker ants
  A hound zombie (D:5)
  5 gnolls
  5 adders
  A shadow imp (D:5)
  An ooze (D:1)
  3 worms
  2 dart slugs
  2 leopard geckos
  12 orcs
  4 giant cockroaches
  8 hobgoblins
  3 jackals (D:4)
  7 kobolds
  2 quokkas
  8 bats
  6 frilled lizards
  3 goblins
  9 rats
100 creatures vanquished.

Notes
Turn   | Place    | Note
-------+----------+-------------------------------------------
     0 | D:1      | Nailok the Merfolk Berserker began the quest for the Orb.
     0 | D:1      | Reached XP level 1. HP: 18/18 MP: 1/1
    96 | D:1      | Reached XP level 2. HP: 6/24 MP: 2/2
   843 | D:1      | Reached XP level 3. HP: 30/30 MP: 3/3
  1100 | D:1      | Reached skill level 5 in Polearms
  1348 | D:1      | Reached ** piety under Trog
  1872 | D:2      | Reached skill level 1 in Stealth
  1872 | D:2      | Reached XP level 4. HP: 29/37 MP: 4/4
  2165 | D:2      | Found a radiant altar of Vehumet.
  2461 | D:2      | Found a sparkling altar of Nemelex Xobeh.
  3178 | D:2      | Found an iron altar of Okawaru.
  3297 | D:2      | Found a runed translucent door.
  3298 | D:2      | Noticed Crazy Yiuf
  3484 | D:2      | Killed Crazy Yiuf
  3484 | D:2      | Reached skill level 6 in Polearms
  3484 | D:2      | Reached XP level 5. HP: 10/42 MP: 5/5
  3911 | D:3      | Noticed an ogre
  3925 | D:3      | Killed an ogre
  3925 | D:3      | Reached skill level 7 in Polearms
  4025 | D:3      | Reached XP level 6. HP: 23/48 MP: 6/6
  4955 | D:4      | Found a burning altar of Makhleb.
  5074 | D:4      | Reached skill level 8 in Polearms
  5474 | D:4      | Found a hide-covered altar of Uskayaw.
  5488 | D:4      | Noticed Eustachio
  5586 | D:4      | Reached skill level 5 in Dodging
  5586 | D:4      | Reached XP level 7. HP: 35/55 MP: 7/7
  6783 | D:4      | Reached skill level 5 in Fighting
  6806 | D:5      | Entered Level 5 of the Dungeon
  7446 | D:5      | Reached skill level 9 in Polearms
  7711 | D:5      | Reached *** piety under Trog
  7774 | D:5      | Reached XP level 8. HP: 32/63 MP: 8/8
  8631 | D:5      | HP: 3/63 [worker ant (6)]
  8634 | D:5      | Slain by a worker ant

Skill      XL: |  1  2  3  4  5  6  7 |
---------------+----------------------+-----
Dodging        | 3 4 5 |  5.9
Polearms       | 5 6 7 8 9 |  9.7
Stealth        | 1 2 3 |  3.4
Fighting       | 4 5 |  5.6
Armour         | |  1.5

Action                   |  1- 3 |  4- 6 |  7- 9 || total
-------------------------+-------+-------+-------++-------
Melee: Spear             |   106 |   170 |   199 ||   475
  Use: Scroll            |     2 |       |     4 ||     6
       Potion            |       |     3 |     1 ||     4
 Stab: Sleeping          |     1 |     2 |       ||     3
  Eat: Ration            |     1 |     4 |     1 ||     6
       Chunk             |       |       |     3 ||     3
Armor: Animal skin       |    28 |    23 |     8 ||    59
Dodge: Dodged            |    82 |    93 |    97 ||   272
